Map: Triton LE

Players

Rob

  • Race: Protoss Protoss
  • Spawn Location: 5:00

Clem - Winner!

  • Race: Terran Terran
  • Spawn Location: 11:00

VOD

Have the link to the VOD?

Description

Time

  • Played on: Sept. 6, 2019, 3:57 p.m.
  • Length: 6:27
Show
View Real Time Build Order
Export as new Build Order

Rob Protoss 

Build Orders: 1 Gate Expand, Blink Stalkers 

Get SALT Encoding   

  12  0:00  Probe  
  13  0:12  Probe  
  14  0:20  Pylon  
  14  0:24  Probe  
  15  0:34  Probe  
  15  0:40  Gateway  
  15  0:42  Probe  
  16  0:47  Assimilator  
  17  0:52  Probe  
  18  1:04  Probe  
  19  1:16  Probe  
  20  1:24  Nexus  
  20  1:34  Cybernetics Core, Probe  
  21  1:42  Probe  
  22  1:47  Assimilator  
  22  1:52  Probe  
  22  1:56  Pylon  
  23  2:06  Adept  
  23  2:10  Warp Gate  
  23  2:14  Probe  
  26  2:26  Probe  
  25  2:38  Probe  
  25  2:44  Probe  
  27  2:47  Stalker  
  27  2:51  Probe  
  28  2:56  Probe  
  31  3:01  Twilight Council  
  31  3:03  Probe  
  32  3:08  Probe  
  32  3:12  Gateway  
  33  3:13  Gateway  
  33  3:17  Probe  
  34  3:20  Probe  
  34  3:21  Blink  
  35  3:29  Probe  
  35  3:32  Probe  
  37  3:35  Robotics Facility  
  37  3:41  Probe  
  37  3:44  Probe  
  39  3:48  Forge  
  39  3:53  Probe  
  40  3:56  Probe  
  40  3:59  Pylon  
  40  4:01  Stalker  
  43  4:05  Probe  
  43  4:07  Pylon  
  43  4:08  Probe  
  45  4:23  Probe  
  45  4:24  Observer  
  47  4:28  Stalker x2  
  47  4:29  Stalker  
  54  4:33  Pylon  
  53  4:38  Nexus  
  53  4:47  Probe x2  
  55  4:53  Stalker x3  
  55  4:57  Pylon  
  61  5:02  Probe x2  
  63  5:14  Gateway, Probe x2  
  65  5:23  Gateway  
  65  5:25  Gateway  
  65  5:27  Gateway  
  65  5:28  Probe  
  66  5:40  Probe x2  
  66  5:44  Gateway x2  
  66  5:51  Probe  
  66  5:52  Probe x2  
  69  6:00  Zealot  
  69  6:01  Zealot x2  
  61  6:10  Stalker  
  54  6:24  Stalker x5  
Show
View Real Time Build Order
Export as new Build Order

Clem Terran - Winner!

Build Orders: Reaper Expand 

Get SALT Encoding   

  12  0:00  SCV  
  13  0:12  SCV  
  14  0:17  Supply Depot  
  14  0:24  SCV  
  15  0:38  SCV  
  15  0:41  Barracks  
  16  0:42  Refinery  
  16  0:50  SCV  
  17  1:02  SCV  
  18  1:15  SCV  
  19  1:27  Reaper  
  19  1:28  Orbital Command  
  20  1:39  Command Center  
  20  1:52  Supply Depot  
  20  1:53  SCV  
  21  1:59  Marine  
  22  2:06  SCV  
  22  2:08  Factory  
  23  2:12  Refinery  
  23  2:18  SCV  
  23  2:19  Barracks Reactor  
  24  2:37  SCV  
  25  2:49  SCV  
  26  2:54  Starport  
  26  2:56  Widow Mine  
  26  2:57  Marine x2  
  30  3:01  Orbital Command  
  30  3:02  SCV  
  31  3:14  SCV  
  31  3:16  Barracks, Marine x2  
  31  3:17  Widow Mine  
  36  3:26  Supply Depot  
  36  3:27  SCV  
  36  3:28  SCV  
  36  3:31  Medivac  
  40  3:34  Marine x2  
  40  3:39  SCV  
  40  3:40  Factory Tech Lab  
  43  3:42  Engineering Bay  
  43  3:45  SCV  
  44  3:51  SCV  
  44  3:52  Marine x2  
  46  3:57  Supply Depot  
  46  4:00  SCV  
  47  4:06  SCV  
  47  4:09  Refinery, Terran Infantry Weapons Level 1  
  48  4:10  Stimpack  
  48  4:12  Marauder  
  48  4:13  SCV  
  48  4:15  Marine  
  48  4:17  Marine  
  52  4:24  Factory Reactor, Starport Reactor, SCV  
  53  4:31  Supply Depot  
  54  4:32  SCV  
  54  4:34  Marauder  
  54  4:36  SCV, Marine x2  
  60  4:44  SCV  
  61  4:46  Barracks  
  61  4:51  Refinery  
  61  4:54  Marine x2, SCV  
  61  4:55  Marauder  
  66  5:00  Supply Depot  
  66  5:03  Medivac  
  66  5:05  Medivac  
  70  5:11  Widow Mine x2, SCV  
  70  5:12  SCV  
  70  5:13  Marine  
  77  5:15  Marine  
  77  5:19  Supply Depot  
  78  5:26  SCV  
  79  5:31  Supply Depot  
  79  5:32  Marauder, Marine x2  
  83  5:40  Medivac x2  
  83  5:42  Widow Mine  
  87  5:43  Widow Mine  
  87  5:46  SCV  
  87  5:48  Barracks Tech Lab  
  90  5:52  SCV  
  90  5:56  Marine x2  
  89  5:57  Marauder  
  89  6:04  SCV x2  
  88  6:12  Supply Depot  
Tags
 
Add a new tag
Caveats
  • Supply blocks, unpowered buildings, or Contaminate may cause inaccurate times.
  • Supply counts are checked every 10 seconds.